 Dungeon Crawl Stone Soup version 0.20-a0-263-g81abdfb (webtiles) character file.

693 tsouns the Black Crusader (level 7, -1/55 HPs)
             Began as a Demonspawn Wanderer on Dec 4, 2016.
             Was a Priest of Yredelemnul.
             Slain by a wyvern skeleton (11 damage)
             ... on level 5 of the Dungeon.
             The game lasted 00:19:26 (5206 turns).

tsouns the Black Crusader (Demonspawn Wanderer)     Turns: 5206, Time: 00:19:27

Health: -1/55      AC:  6    Str: 14    XL:     7   Next: 37%
Magic:  10/10      EV: 11    Int: 15    God:    Yredelemnul [***...]
Gold:   104        SH:  0    Dex: 11    Spells: 6/6 levels left

rFire  . . .     SeeInvis +     a - +2 hand crossbow
rCold  . . .     Gourm    +     f - +0 robe
rNeg   . . .     Faith    .     (no shield)
rPois  .         Spirit   .     A - +1 helmet {SInv}
rElec  .         Reflect  .     x - +0 cloak
rCorr  .         Harm     .     n - +0 pair of gloves
MR     .....                    (no boots)
Stlth  +.........               i - amulet of the gourmand
                                (no ring)
                                (no ring)

@: no status effects
A: claws 2
a: Recall Undead Slaves, Injury Mirror, Animate Dead, Renounce Religion


You were on level 5 of the Dungeon.
You worshipped Yredelemnul.
Yredelemnul was most pleased with you.
You were not hungry.

You visited 1 branch of the dungeon, and saw 5 of its levels.

You collected 273 gold pieces.
You spent 169 gold pieces at shops.

Inventory:

Hand Weapons
 a - a +2 hand crossbow (weapon)
 c - a +0 shortbow
Missiles
 b - 73 bolts (quivered)
 d - 73 arrows
 j - 2 tomahawks
 l - 109 stones
 s - a throwing net
Armour
 f - a +0 robe (worn)
 n - a +0 pair of gloves (worn)
 x - a +0 cloak (worn)
 A - a +1 helmet of see invisible (worn)
Jewellery
 i - an amulet of the gourmand (around neck)
Wands
 y - a wand of confusion (7/48)
 z - a wand of iceblast (9/15)
Scrolls
 e - 2 scrolls of teleportation
 h - 2 scrolls of remove curse
 o - 4 scrolls of recharging
 B - a scroll of fear
Potions
 k - a potion of haste
 m - 2 potions of curing
 r - a potion of flight
 t - a potion of brilliance
 u - 3 potions of degeneration
 v - a potion of might {unknown}
Comestibles
 g - 5 bread rations
 p - a slice of pizza
 q - 4 fruits
 w - a meat ration


   Skills:
 + Level 4.4 Fighting
 - Level 3.9 Crossbows
 - Level 1.0 Throwing
 - Level 1.7 Armour
 - Level 1.0 Stealth
   Level 1.0 Shields
 * Level 4.4 Unarmed Combat
 - Level 4.4 Invocations


You had 6 spell levels left.
You didn't know any spells.

Dungeon Overview and Level Annotations

Branches:
Dungeon (5/15)             Temple (0/1) D:4

Altars:
Fedhas
Nemelex Xobeh
Yredelemnul

Shops:
D:5 }

Annotations:
D:2 Grinder


Innate Abilities, Weirdness & Mutations

You have very sharp fingernails.


Message History

You hit the wyvern skeleton.
The wyvern skeleton is heavily damaged.
The wyvern skeleton closely misses you.
You hit the wyvern skeleton but do no damage.
The wyvern skeleton is heavily damaged.
The wyvern skeleton bites you!
The worker ant bites you but does no damage.
The wyvern skeleton bites you but does no damage.
The wyvern skeleton bites you. The wyvern skeleton bites you!
* * * LOW HITPOINT WARNING * * *
You are too injured to fight recklessly!
You are too injured to fight recklessly!
You are too injured to fight recklessly!
You are too injured to fight recklessly!
Wield which item (- for none, * to show all)? (? for menu, Esc to quit)
a - a +2 hand crossbow (weapon)
The wyvern skeleton bites you!
You die...
Your body rises from the dead as a mindless zombie.

...### ## .....+ .. .# .. .#.###
..# .. .. .#.# #.# .##.# .#.#
#.# ..#.# .#.# # #.# #.#.# ##.#
####.#.# #.#.# ##
.#.######..#.#.####.#.# .#
.#.#.......#....@Za...# .#
.....####.####.#####.## .#
##''## #...##.# #..###.######
≈≈..≈≈≈####.##.# ##.##........
≈≈..≈≈≈≈# #.##.######..#......!.
≈≈..≈≈≈≈≈##.....................
≈≈..≈≈≈≈≈≈###...................
≈≈..≈≈≈≈≈≈ #..................#
≈≈..≈≈≈≈≈≈ ##########.........#


You could see a worker ant and a wyvern skeleton.

Vanquished Creatures
  A sky beast (D:5)
  An ogre (D:4)
  Blork the orc (D:4)
  A scorpion (D:4)
  A howler monkey (D:4)
  2 orc wizards (D:3)
  Crazy Yiuf (D:4)
  Natasha (twice) (D:4)
  A worker ant (D:4)
  A worker ant zombie (D:5)
  Robin (D:2)
  4 adders
  A howler monkey skeleton (D:4)
  A worm (D:3)
  A dart slug (D:3)
  10 orcs
  3 giant cockroaches
  13 goblins
  12 hobgoblins
  7 jackals
  4 quokkas
  6 bats
  2 frilled lizards (D:3)
  11 kobolds
  3 rats
  A fungus (D:4)
92 creatures vanquished.

Vanquished Creatures (collateral kills)
  An orc priest (D:2)
  An orc wizard (D:2)
  An adder (D:4)
  A worm (D:2)
  A giant cockroach (D:2)
  A goblin (D:2)
  A hobgoblin (D:3)
7 creatures vanquished.

Vanquished Creatures (others)
  A worker ant zombie (D:4)
  2 felid zombies (D:4)
  An orc zombie (D:3)
  A bat zombie (D:2)
  A dart slug zombie (D:3)
  2 goblin zombies (D:2)
  2 hobgoblin zombies (D:2)
  A jackal zombie (D:3)
  A kobold zombie (D:2)
  A fungus (D:2)
13 creatures vanquished.

Grand Total: 112 creatures vanquished

Notes
Turn   | Place    | Note
-------+----------+-------------------------------------------
     0 | D:1      | tsouns the Demonspawn Wanderer began the quest for the Orb.
     0 | D:1      | tsouns set off with: a +2 hand crossbow, 26 bolts, a +0 shortbow, 25 arrows, a scroll of teleportation, a +0 robe, a bread ration
     0 | D:1      | Reached XP level 1. HP: 18/18 MP: 1/1
   364 | D:1      | Gained mutation: You have sharp fingernails. [demonic ancestry]
   364 | D:1      | Reached XP level 2. HP: 24/24 MP: 2/2
   585 | D:1      | Reached skill level 1 in Unarmed Combat
   847 | D:2      | Reached XP level 3. HP: 29/29 MP: 3/3
   890 | D:2      | Found a blossoming altar of Fedhas.
   914 | D:2      | Found a faded altar of an unknown god.
   947 | D:2      | Became a worshipper of Yredelemnul the Dark
   947 | D:2      | Reached * piety under Yredelemnul
   989 | D:2      | Found a sparkling altar of Nemelex Xobeh.
  1036 | D:2      | Noticed Robin
  1481 | D:2      | Killed Robin
  1623 | D:2      | Reached XP level 4. HP: 36/36 MP: 4/4
  1657 | D:3      | Noticed Grinder
  1935 | D:2      | Your ally Robin died
  2214 | D:2      | Reached ** piety under Yredelemnul
  2662 | D:3      | Reached skill level 1 in Invocations
  2805 | D:2      | Reached XP level 5. HP: 41/42 MP: 5/5
  3163 | D:4      | Gained mutation: You have very sharp fingernails. [demonic ancestry]
  3163 | D:4      | Reached XP level 6. HP: 25/48 MP: 8/8
  3467 | D:4      | Noticed a hill giant
  3625 | D:4      | Found a staircase to the Ecumenical Temple.
  3632 | D:4      | Noticed Blork the orc
  3691 | D:4      | Killed Blork the orc
  3954 | D:4      | Noticed Natasha
  3960 | D:4      | Killed Natasha
  4035 | D:4      | Reached XP level 7. HP: 29/54 MP: 10/10
  4652 | D:4      | Noticed Natasha
  4663 | D:4      | Killed Natasha
  4804 | D:4      | Found a runed door.
  4808 | D:4      | Noticed Crazy Yiuf
  4815 | D:4      | Your ally Natasha died
  4821 | D:4      | Your ally Natasha died
  4841 | D:4      | Killed Crazy Yiuf
  4899 | D:5      | Entered Level 5 of the Dungeon
  4997 | D:5      | Reached *** piety under Yredelemnul
  5018 | D:5      | Found Omaicyde's Gadget Shop.
  5021 | D:5      | Bought a wand of iceblast (9/15) for 169 gold pieces
  5206 | D:5      | Slain by a wyvern skeleton

Vault maps used:
D:1:      minmay_arrival_hallway
D:2:      fedhas_altar_3, nemelex_xobeh_ov_fountains_minmay,
          chequers_ecumenical_altar_island, uniq_robin
D:3:      uniq_grinder
D:4:      minmay_small_thing, uniq_crazy_yiuf_cottage, uniq_blork_the_orc,
          uniq_natasha
D:5:      kennysheep_big_flooded_room, lemuel_round_altar, first_bread,
          serial_shops, kennysheep_mini

Skill      XL: |  1  2  3  4  5  6  7 |
---------------+----------------------+-----
Crossbows      | 2 3 |  3.9
Unarmed Combat | 1 2 3 4 |  4.4
Fighting       | 4 |  4.4
Invocations    | 1 3 4 |  4.4
Throwing       | |  1.0
Armour         | |  1.7
Stealth        | |  1.0
Shields        | |  1.0

Action                   |  1- 3 |  4- 6 |  7- 9 || total
-------------------------+-------+-------+-------++-------
Melee: Unarmed           |    34 |    89 |    48 ||   171
       Punch             |       |       |     1 ||     1
 Fire: Hand crossbow     |    48 |   111 |    17 ||   176
Throw: Stone             |     1 |       |       ||     1
Invok: Animate Remains   |     3 |    12 |     1 ||    16
  Use: Scroll            |       |    11 |     2 ||    13
       Potion            |       |     2 |       ||     2
 Stab: Distracted        |       |       |     1 ||     1
       Sleeping          |       |       |     1 ||     1
  Eat: Chunk             |    13 |     5 |     3 ||    21
       Royal jelly       |       |       |     1 ||     1
Armor: Robe              |    14 |    32 |    16 ||    62
Dodge: Dodged            |    38 |    97 |    12 ||   147
